 Dungeon Crawl Stone Soup version 0.30-a0-557-ge2afbf3030 (webtiles) character file.

Game seed: 516170045628696913

693 zero the Digger (level 7, 0/41 HPs)
             Began as a Gargoyle Earth Elementalist on Dec 27, 2022.
             Slain by a water moccasin (4 damage)
             ... on level 6 of the Dungeon.
             The game lasted 00:03:36 (3854 turns).

zero the Digger (Gargoyle Earth Elementalist)       Turns: 3854, Time: 00:03:36

Health: 0/41       AC:  7    Str: 11    XL:     7   Next: 64%
Magic:  8/14       EV: 11    Int: 18    God:
Gold:   193        SH:  3    Dex: 10    Spells: 12/16 levels left

rFire   . . .      SeeInvis .    g - +2 sling (freeze)
rCold   . . .      Faith    .    l - +0 buckler
rNeg    + . .      Spirit   .    a - +0 robe
rPois   ∞          Reflect  .    r - +0 helmet
rElec   +          Harm     .    (no cloak)
rCorr   .          Rampage  .    (no gloves)
Will    .....                    (no boots)
Stlth   ++                       (no amulet)
HPRegen 0.26/turn                (no ring)
MPRegen 0.14/turn                (no ring)

@: mighty, on berserk cooldown, attractive, slowed, very slow
A: sickness immunity, AC +4, negative energy resistance 1, electricity
resistance, torment resistance 1, petrification resistance
a: no special abilities


You were on level 6 of the Dungeon.
You visited 1 branch of the dungeon, and saw 6 of its levels.

You collected 193 gold pieces.

Inventory:

Hand Weapons
 g - a +2 sling of freezing (weapon)
 v - a +3 trident of venom
Missiles
 u - a throwing net
Armour
 a - a +0 robe (worn)
 l - a +0 buckler (worn)
 r - a +0 helmet (worn)
Jewellery
 p - an amulet of faith
Scrolls
 e - 3 scrolls of identify
 j - 3 scrolls of teleportation
Potions
 c - 5 potions of curing
 d - 2 potions of brilliance
 h - 2 potions of might
 i - a potion of heal wounds {unknown}
 k - a potion of invisibility
 n - a potion of mutation
 o - a potion of attraction


   Skills:
 + Level 3.6 Fighting
 - Level 1.5 Dodging
 - Level 2.1 Stealth
 * Level 5.0 Spellcasting
 * Level 4.5 Conjurations
 - Level 0.7 Transmutations
 - Level 5.0 Earth Magic


You had 12 spell levels left.
You knew the following spells:

 Your Spells              Type           Power      Damage    Failure   Level
a - Sandblast             Erth           44%        2d11      2%          1
b - Stone Arrow           Conj/Erth      42%        3d9       8%          3

Your spell library contained the following spells:

 Spells                   Type           Power      Damage    Failure   Level
 Passwall                 Tmut/Erth      11%        N/A       9%          2
 Summon Small Mammal      Summ           16%        N/A       19%         1
 Call Canine Familiar     Summ           4%         N/A       47%         3
 Summon Guardian Golem    Hex/Summ       4%         N/A       47%         3
 Petrify                  Tmut/Erth      14%        N/A       50%         4


Dungeon Overview and Level Annotations

Branches:
Dungeon (6/15)             Temple (0/1) D:6

Altars:

Annotations:
D:4 exclusion: downstairs
D:5 Dowan, Duvessa


Innate Abilities, Weirdness & Mutations

You are immune to sickness and miasma.
Your stone body is resilient. (AC +4)
You are immune to poison.
You resist negative energy. (rN+)
You are resistant to electric shocks. (rElec)
You are resistant to unholy torment.
You are immune to petrification.


Message History

The howler monkey howls!
The black bear growls angrily.
The bullfrog croaks.
You hear an angry hiss.
The water moccasin bites you!
* * * LOW HITPOINT WARNING * * *
The water moccasin bites you.
* * * LOW HITPOINT WARNING * * *
The water moccasin hisses angrily.
You shoot a sling bullet.
The sling bullet misses the water moccasin.
The sling bullet closely misses the hound.
The sling bullet misses the water moccasin.
You hear a shout!
The water moccasin bites you.
* * * LOW HITPOINT WARNING * * *
The water moccasin closely misses you.
The water moccasin hisses angrily.
It was a potion of might.
You feel very mighty all of a sudden.
You flicker for a moment.
It was a potion of attraction.
You feel attractive to monsters.
It was a potion of berserk rage.
A red film seems to cover your vision as you go berserk!
You feel yourself moving faster!
You feel mighty!
You start resting.
You feel a strong urge to attack something.
You feel your anger nearly subside.
The black bear growls angrily.
A gnoll comes into view. It is wielding a +0 club.
The water moccasin is attracted toward you.
The bullfrog is attracted toward you. The gnoll is attracted toward you.
You are no longer berserk.
You are exhausted.
You feel yourself slow down.
The gnoll shouts!
You hear an angry hiss.
The water moccasin is attracted toward you.
The bullfrog is attracted toward you. The gnoll is attracted toward you.
You flicker back into view.
The water moccasin bites you.
You die...

.........,*..,,,**
****,*,**,******
.....##...,..,***
*,*,**,*
..?....,#.#.#,,*
*,*,**,*
#...#.#.##§.#,**
*,*,*,,***
#.#.#.....§W###
*,*,,,,,,****
.....######§§§###
***,**,***,,,,*
####....S..##.g.###
*,,,,,,*,*,,,,,
#######.hh##FS.#
*,**,***,***,,,
###.####@#
*,,,,*⌠,,,⌠*,,,
#......#
*,,***,,,,,***,
########
**,*,,,,<,,,,*,
*,***,,,,,***,
*,,,*⌠,,,⌠*,,,
***,***,***,,,
*,,,*,*,,,,*
***,***,,,,*
*,,,,,,***


You could see a water moccasin, a phantom, a bullfrog and a gnoll.

Vanquished Creatures
  A water moccasin (D:5)
  A phantom (D:4)
  2 gnoll sergeants (D:5)
  A howler monkey (D:4)
  4 hounds
  An orc priest (D:3)
  An orc wizard (D:3)
  4 gnolls (D:5)
  6 adders
  2 worms
  4 dart slugs
  7 orcs
  8 ball pythons
  6 endoplasms
  2 giant cockroaches (D:4)
  9 goblins
  8 hobgoblins
  3 kobolds (D:2)
  A quokka (D:2)
  5 bats
  4 frilled lizards
  2 rats (D:2)
82 creatures vanquished.

Vanquished Creatures (others)
  A hobgoblin (D:2)
1 creature vanquished.

Grand Total: 83 creatures vanquished

Notes
Turn   | Place    | Note
-------+----------+-------------------------------------------
     0 | D:1      | zero the Gargoyle Earth Elementalist began the quest for
                  | the Orb.
     0 | D:1      | Reached XP level 1. HP: 10/10 MP: 3/3
   294 | D:1      | Reached XP level 2. HP: 16/16 MP: 1/5
   692 | D:2      | Reached skill level 1 in Fighting
   750 | D:2      | Found a faded altar of an unknown god.
   771 | D:2      | Reached XP level 3. HP: 17/20 MP: 1/7
  1351 | D:2      | Reached XP level 4. HP: 26/26 MP: 8/8
  1355 | D:2      | Learned a level 3 spell: Stone Arrow
  1662 | D:3      | Reached skill level 1 in Conjurations
  1788 | D:3      | Reached XP level 5. HP: 30/30 MP: 7/10
  2505 | D:4      | Noticed a phantom
  2520 | D:4      | Killed a phantom
  2521 | D:4      | Reached XP level 6. HP: 35/36 MP: 0/12
  3217 | D:5      | Entered Level 5 of the Dungeon
  3217 | D:5      | Noticed Duvessa
  3217 | D:5      | Noticed Dowan
  3217 | D:5      | Noticed a water moccasin
  3305 | D:5      | Killed a water moccasin
  3306 | D:5      | Reached skill level 5 in Earth Magic
  3306 | D:5      | Reached XP level 7. HP: 30/41 MP: 10/13
  3676 | D:5      | Reached skill level 5 in Spellcasting
  3844 | D:6      | HP: 2/41 [water moccasin (5)]
  3854 | D:6      | Slain by a water moccasin

Illustrated notes

Levels and vault maps discovered:
D:1:      minmay_arrival_loop, layout_rooms
D:2:      layout_basic, hellmonk_ecumenical_altar_heavens_door,
          guppyfry_early_orc_mine
D:3:      cheibrodos_pilgrimage, layout_basic, st_stairs_9,
          minmay_misc_feat_hallway
D:4:      layout_basic
D:5:      layout_cave_pools, mainiacjoe_overflow_six_doors_small,
          serial_gnoll_camp, gnoll_camp_mini_basic, gnoll_camp_mini_house,
          gnoll_camp_mini_doghouse, gnoll_camp_mini_basic,
          gnoll_camp_mini_doghouse, minmay_strange_pillars,
          kennysheep_small_circle, uniq_duvessa
D:6:      nicolae_cairo_tiling_large_dashed, layout_basic,
          minmay_temple_entry_statues, nicolae_fountain_basement, uniq_menkaure,
          uniq_blork_the_orc, uniq_edmund, uniq_pikel

Skill      XL: |  1  2  3  4  5  6  7 |
---------------+----------------------+-----
Fighting       | 1 2 3 |  3.6
Earth Magic    | 4 5 |  5.0
Spellcasting   | 3 4 5 |  5.0
Conjurations   | 1 2 3 4 |  4.5
Dodging        | |  1.5
Stealth        | |  2.1
Transmutations | |  0.7

Action                   |  1- 3 |  4- 6 |  7- 9 || total
-------------------------+-------+-------+-------++-------
Melee: Unarmed           |     9 |       |       ||     9
 Fire: Sling             |    33 |    77 |    12 ||   122
 Cast: Sandblast         |    38 |    24 |     8 ||    70
       Stone Arrow       |       |     8 |     9 ||    17
  Use: Potion            |       |     1 |     4 ||     5
       Scroll            |       |       |     7 ||     7
 Stab: Sleeping          |     1 |       |       ||     1
Armor: Robe              |    20 |    15 |    14 ||    49
Dodge: Dodged            |    26 |    22 |    16 ||    64
Block: Buckler           |       |     4 |     3 ||     7

Table legend: (Time is in decaauts)
 A = Elapsed time spent in this place.
 B = Non-inter-level travel time spent in this place.
 C = Inter-level travel time spent in this place.
 D = Time resting spent in this place.
 E = Time spent auto-exploring this place.
 F = Levels seen in this place.
 G = Mean time per level.
                   A        B        C        D        E       F      G
               +--------+--------+--------+--------+--------+-----+--------+
         Total |   3937 |   3752 |    185 |    371 |   2762 |   6 |  656.2 |
       Dungeon |   3937 |   3752 |    185 |    371 |   2762 |   6 |  656.2 |
               +--------+--------+--------+--------+--------+-----+--------+

Top non-repeatable levels by time:
     D:2: 1126 daAuts
     D:4: 875 daAuts
     D:3: 822 daAuts
     D:5: 545 daAuts
     D:1: 508 daAuts
     D:6: 58 daAuts
